 Dungeon Crawl Stone Soup version 0.19.0-2-gae57169 (webtiles) character file.

6075 Risty00 the Basher (level 10, -8/90 HPs)
             Began as a Minotaur Berserker on Oct 31, 2016.
             Was a High Priest of Trog.
             Mangled by a hill giant
             ... wielding a cursed +0 giant club
              (27 damage)
             ... on level 9 of the Dungeon on Nov 2, 2016.
             The game lasted 02:01:57 (9286 turns).

Risty00 the Basher (Minotaur Berserker)             Turns: 9286, Time: 02:01:58

Health: -8/90      AC: 18    Str: 25    XL:     10   Next: 57%
Magic:  9/9        EV:  9    Int:  4    God:    Trog [*****.]
Gold:   453        SH:  3    Dex: 10    Spells: 0 memorised, 9 levels left

rFire  + . .     SeeInvis .     z - +7 club
rCold  . . .     Gourm    .     b - +2 plate armour
rNeg   . . .     Faith    .     F - +0 buckler
rPois  .         Spirit   .     (helmet restricted)
rElec  .         Reflect  .     (no cloak)
rCorr  .         Harm     +     (no gloves)
MR     .....                    x - +0 pair of boots
Stlth  ..........               a - amulet of harm
                                p - ring of protection from fire
                                w - +2 ring of protection

@: no status effects
A: retaliatory headbutt, horns 2
a: Berserk, Trog's Hand, Brothers in Arms, Burn Spellbooks, Renounce Religion


You were on level 9 of the Dungeon.
You worshipped Trog.
Trog was extremely pleased with you.
You were not hungry.

You visited 1 branch of the dungeon, and saw 9 of its levels.

You collected 453 gold pieces.

Inventory:

Hand Weapons
 r - a +1 whip of flaming
 z - a +7 club (weapon)
 D - a +2 flail of draining
 J - a +4 quarterstaff of chaos
 K - a +2 battleaxe of freezing
 L - a +3 scimitar of freezing
 O - a +2 lajatang of venom
 T - a +1 dire flail of holy wrath
Missiles
 g - 351 stones (quivered)
Armour
 b - a +2 plate armour (worn)
 x - a +0 pair of boots (worn)
 F - a +0 buckler (worn)
Jewellery
 a - an amulet of harm (around neck)
 d - an uncursed ring of magical power
 m - an uncursed ring of stealth
 p - a ring of protection from fire (right hand)
 u - an uncursed ring of poison resistance {unknown}
 w - a +2 ring of protection (left hand)
 C - an uncursed amulet of rage
Wands
 j - a wand of paralysis (18/24)
Scrolls
 k - a scroll of fog {unknown}
 s - a scroll of noise
 t - 2 scrolls of recharging
 y - 3 scrolls of teleportation
 M - 2 scrolls of magic mapping
Potions
 e - 2 potions of haste {unknown}
 f - a potion of ambrosia {unknown}
 h - 2 potions of cancellation {unknown}
 i - a potion of flight {unknown}
 l - 2 potions of lignification {unknown}
 n - a potion of might {unknown}
 o - 2 potions of heal wounds {unknown}
 v - a potion of magic {unknown}
 A - a potion of curing
 B - 3 potions of mutation
 G - 3 potions of cure mutation {unknown}
 N - 2 potions of berserk rage {unknown}
 P - a potion of brilliance {unknown}
Books
 E - a book of Air

   Spells                             Type                      Level
   a - Shock                          Conjuration/Air              1
   b - Swiftness                      Charms/Air                   2
   c - Repel Missiles                 Charms/Air                   2
   d - Static Discharge               Conjuration/Air              3
   e - Lightning Bolt                 Conjuration/Air              5
   Trog disapproves of the use of such an item.
Comestibles
 c - 7 bread rations
 q - 4 meat rations
 H - 6 chunks of flesh
 I - 3 fruits
 Q - 2 beef jerkies
 R - 7 slices of pizza


   Skills:
 + Level 8.6 Fighting
 - Level 14.0 Maces & Flails
 + Level 7.4 Armour
 + Level 7.1 Dodging


You had 9 spell levels left.
You didn't know any spells.

Dungeon Overview and Level Annotations

Branches:
Dungeon (9/15)             Temple (0/1) D:5
   Lair: D:8-11         Orc: D:9-12

Altars:
Ashenzari
Dithmenos
Hepliaklqana
Makhleb
Qazlal
Xom
The Shining One
Beogh

Shops:
D:6 :


Innate Abilities, Weirdness & Mutations

You reflexively headbutt those who attack you in melee.
You have a pair of horns on your head.


Message History

Okay, then.
Okay, then.
Okay, then.
There are monsters nearby!
The hill giant barely misses you. You furiously retaliate!
You headbutt the hill giant, but do no damage.
You hit the hill giant.
The hill giant is lightly wounded.
The hill giant barely misses you.
You barely miss the hill giant. Your headbutt misses the hill giant.
The hill giant is lightly wounded.
Your plate armour prevents you from hitting the hill giant.
The hill giant is lightly wounded.
The hill giant hits you with a giant club!
* * * LOW HITPOINT WARNING * * *
You barely miss the hill giant.
The hill giant is lightly wounded.
You feel better.
The hill giant hits you with a giant club!!
You die...

###.#### .......#
.......# .......#
.......# ..........
.......### #'#####
######## #..ZC.## ).##
#####@.### #..# ##...#
##'#### #########'####
......# #............#
......#####............#
......+...#............#
......###.'............#
......# ###............#
......# #............#


You could see a hill giant and a centaur warrior zombie.

Vanquished Creatures
  Pikel (D:4)
  A troll (D:7)
  3 hippogriffs
  The ghost of face the Poker, an amateur NaWr (D:4)
  A wyvern (D:8)
  4 hogs (D:8)
  A human (D:8)
  Eustachio (D:4)
  7 orc warriors
  An ice beast (D:6)
  A slave (D:4)
  A sky beast (D:8)
  6 ogres
  2 necrophages
  A phantom (D:7)
  A centaur (D:8)
  Blork the orc (D:4)
  A big kobold (D:8)
  A gnoll sergeant (D:7)
  3 killer bees (D:8)
  4 wights (D:7)
  An electric eel (D:7)
  3 crimson imps
  A centaur zombie (D:7)
  5 orc priests
  A bullfrog skeleton (D:5)
  A gnoll shaman (D:6)
  3 hounds (D:6)
  A jelly (D:5)
  10 orc wizards
  Crazy Yiuf (D:5)
  An iguana (D:7)
  5 worker ants
  2 hound skeletons (D:5)
  A worker ant zombie (D:8)
  Robin (D:2)
  15 adders
  14 gnolls
  A river rat (D:4)
  A shadow imp (D:8)
  An ooze (D:4)
  An adder zombie (D:5)
  2 adder skeletons
  11 dart slugs
  3 worms
  8 leopard geckos
  39 orcs
  6 bats
  8 giant cockroaches
  18 goblins
  7 hobgoblins
  A jackal (D:5)
  6 quokkas
  5 ball pythons
  2 frilled lizards
  A jackal skeleton (D:4)
  8 kobolds
  2 leopard gecko skeletons (D:6)
  A leopard gecko zombie (D:7)
  2 quokka skeletons
  10 rats
  9 plants (D:4)
262 creatures vanquished.

Vanquished Creatures (collateral kills)
  An orc warrior (D:8)
  An orc priest (D:8)
  7 orcs (D:8)
9 creatures vanquished.

Vanquished Creatures (others)
  A giant cockroach (D:4)
  A quokka (D:4)
  4 plants (D:4)
6 creatures vanquished.

Grand Total: 277 creatures vanquished

Notes
Turn   | Place    | Note
-------+----------+-------------------------------------------
     0 | D:1      | Risty00 the Minotaur Berserker began the quest for the Orb.
     0 | D:1      | Reached XP level 1. HP: 19/19 MP: 0/0
   578 | D:1      | Reached XP level 2. HP: 27/27 MP: 1/1
  1088 | D:1      | Reached skill level 4 in Maces & Flails
  2051 | D:2      | Reached XP level 3. HP: 33/33 MP: 2/2
  2144 | D:2      | Reached skill level 5 in Maces & Flails
  2161 | D:2      | Noticed Robin
  2169 | D:2      | Killed Robin
  2169 | D:2      | Reached ** piety under Trog
  2180 | D:2      | Reached XP level 4. HP: 33/40 MP: 3/3
  2855 | D:2      | Reached skill level 6 in Maces & Flails
  3021 | D:4      | Reached XP level 5. HP: 10/46 MP: 4/4
  3402 | D:3      | Reached skill level 7 in Maces & Flails
  3404 | D:3      | Reached *** piety under Trog
  3980 | D:4      | Noticed Blork the orc
  3985 | D:4      | Killed Blork the orc
  3985 | D:4      | Reached XP level 6. HP: 51/52 MP: 5/5
  4019 | D:4      | Noticed face's ghost (amateur NaWr)
  4030 | D:4      | Killed face's ghost
  4030 | D:4      | Reached skill level 8 in Maces & Flails
  4046 | D:4      | Noticed a slave
  4046 | D:4      | Noticed a slave
  4047 | D:4      | Noticed Pikel
  4047 | D:4      | Noticed a slave
  4048 | D:4      | Noticed a slave
  4051 | D:4      | Killed a slave
  4057 | D:4      | Killed Pikel
  4057 | D:4      | Reached skill level 10 in Maces & Flails
  4057 | D:4      | Reached XP level 7. HP: 59/59 MP: 6/6
  4189 | D:4      | Found a shadowy altar of Dithmenos.
  4190 | D:4      | Noticed Eustachio
  4206 | D:4      | Reached skill level 11 in Maces & Flails
  4235 | D:4      | Killed Eustachio
  4235 | D:4      | Reached XP level 8. HP: 45/66 MP: 7/7
  5231 | D:5      | Entered Level 5 of the Dungeon
  5404 | D:5      | Reached skill level 12 in Maces & Flails
  5465 | D:5      | Noticed a hippogriff
  5479 | D:5      | Killed a hippogriff
  5637 | D:5      | Reached skill level 13 in Maces & Flails
  5710 | D:5      | Found a runed door.
  5775 | D:5      | Reached **** piety under Trog
  5799 | D:5      | Found a stormy altar of Qazlal.
  5804 | D:5      | Found a staircase to the Ecumenical Temple.
  6054 | D:5      | Noticed Crazy Yiuf
  6061 | D:5      | Killed Crazy Yiuf
  6286 | D:6      | Reached XP level 9. HP: 71/71 MP: 8/8
  6313 | D:6      | Found Poimug's Book Shop.
  6396 | D:6      | Reached skill level 14 in Maces & Flails
  6872 | D:7      | Reached ***** piety under Trog
  6939 | D:7      | Reached skill level 5 in Fighting
  7048 | D:7      | Found a hazy altar of Hepliaklqana.
  7049 | D:7      | Found a shimmering altar of Xom.
  7050 | D:7      | Noticed a spectral ugly thing
  7224 | D:7      | Received a gift from Trog
  7465 | D:7      | Noticed a troll
  7471 | D:7      | Killed a troll
  7471 | D:7      | Reached skill level 5 in Armour
  7491 | D:7      | Reached skill level 5 in Dodging
  7888 | D:8      | Found a roughly hewn altar of Beogh.
  7892 | D:8      | Reached XP level 10. HP: 84/84 MP: 9/9
  8333 | D:8      | Found a glowing golden altar of the Shining One.
  8390 | D:8      | Found a shattered altar of Ashenzari.
  9010 | D:8      | Upgraded the game from 0.19-b1-4-gd8a0a2a to 0.19.0-2-gae57169
  9031 | D:9      | Found a burning altar of Makhleb.
  9270 | D:9      | Noticed a hill giant
  9286 | D:9      | Mangled by a hill giant

Skill      XL: |  1  2  3  4  5  6  7  8  9 10 |
---------------+-------------------------------+-----
Fighting       | 4 6 8 |  8.6
Maces & Flails | 4 5 6 7 10 11 13 14 | 14.0
Armour         | 5 7 |  7.4
Dodging        | 5 7 |  7.1

Action                   |  1- 3 |  4- 6 |  7- 9 | 10-12 || total
-------------------------+-------+-------+-------+-------++-------
Melee: Mace              |    62 |    75 |       |       ||   137
       Headbutt          |     9 |    23 |   130 |    28 ||   190
       Flail             |       |    35 |    50 |       ||    85
       Whip              |       |       |   242 |       ||   242
       Club              |       |       |   234 |   158 ||   392
       Dire flail        |       |       |       |    11 ||    11
Throw: Stone             |     1 |       |     2 |       ||     3
Invok: Berserk           |     1 |     2 |     5 |       ||     8
       Brothers in Arms  |       |       |       |     1 ||     1
  Use: Scroll            |     3 |     2 |    15 |     1 ||    21
       Potion            |       |       |       |     2 ||     2
 Stab: Invisible         |       |       |     1 |       ||     1
  Eat: Bread ration      |     1 |       |     1 |       ||     2
       Chunk             |       |     7 |    12 |     3 ||    22
       Fruit             |       |       |     1 |       ||     1
       Pizza             |       |       |       |     2 ||     2
Armor: Scale mail        |    10 |    29 |       |       ||    39
       Plate armour      |       |    24 |   168 |    90 ||   282
Dodge: Dodged            |    26 |    47 |   116 |    56 ||   245
Block: Buckler           |       |       |     1 |    11 ||    12
